AoeStats
← demi_cabeza

Arabia

505454470Analyzed
1v1 RM · 24d ago on Sep 9, 2026· 26m 32s· 2 players
Game mode
Random Map
Map size
Tiny (2 player)
Population
200
Speed
Normal
Resources
Standard
Victory
Conquest
Starting age
Dark Age
Ending age
Imperial Age
RankedLock teamsTeams togetherTeam positionsShared explorationLock speedFull tech treeHidden civsTurbo modeCheats
Victory
Defeat
🇲🇽 Shu · Mexico
1311
+16
🇦🇷 Tatars · Argentina
1301
-16
demi_cabeza
6:23 Loom
8:54 Feudal Age
11:42 Wheelbarrow
12:30 Double-Bit Axe
22:04 Castle Age
20:33 Fletching
21:23 Padded Archer Armor
22:47 Bodkin Arrow
22:14 Crossbowman
23:18 Bow Saw
25:51 Scale Barding Armor
25:57 Bloodlines
Indomitus46
6:24 Loom
9:38 Feudal Age
9:49 Man-at-Arms
14:26 Horse Collar
15:10 Town Watch
15:23 Arson
16:19 Double-Bit Axe
22:06 Castle Age
20:12 Gold Mining
20:40 Scale Barding Armor
22:00 Forging
21:41 Fletching
23:51 Husbandry
24:59 Chain Barding Armor
24:02 Light Cavalry
Connection lost

Rejoining the realm…

Still unreachable

The connection could not be restored.

Session expired

The server has moved on; the page needs a fresh start.